 Dungeon Crawl Stone Soup version 0.27.1-2-g3b301248ec (webtiles) character file.

Game seed: 10127734158700617782

133440 H0rd4k the Slicer (level 17, -2/131 HPs)
             Began as a Human Artificer on Sept 28, 2021.
             Was an Initiate of Gozag.
             Shot with a bolt by Vashnia (6 damage)
             ... on level 4 of the Snake Pit on Oct 4, 2021.
             The game lasted 02:12:40 (53176 turns).

H0rd4k the Slicer (Human Artificer)                Turns: 53176, Time: 02:12:41

Health: -2/131     AC: 10    Str: 19    XL:     17   Next: 72%
Magic:  31/31      EV: 20    Int: 17    God:    Gozag
Gold:   572        SH:  0    Dex: 23    Spells: 12/37 levels left

rFire    + . .     SeeInvis .   Z - +8 quick blade of Annihilation {spect, rCorr}
rCold    + . .     Faith    .   (no shield)
rNeg     . . .     Spirit   .   A - +2 leather armour {rF+}
rPois    +         Reflect  .   n - +2 hat
rElec    .         Harm     .   s - scarf {shadows}
rCorr    +         Rampage  +   v - +0 pair of fencer's gloves {Riposte Dex+3}
Will     +....                  l - +0 pair of boots of Plog {Rampage +Blink rC+ rCorr Stlth-}
Stlth    ++++......             t - amulet of magic regeneration
HPRegen  0.31/turn              u - ring of poison resistance
MPRegen  0.47/turn              w - ring of Scepticism {Str+5 Dex+6 Slay+2}

@: gold aura, slowed, very slow
A: no striking features
a: Renounce Religion, Evoke Blink, Potion Petition, Call Merchant, Bribe Branch


You were on level 4 of the Snake Pit.
You worshipped Gozag.
Gozag was pleased with you.
You visited 5 branches of the dungeon, and saw 24 of its levels.
You also visited: Volcano.

You collected 10585 gold pieces.
You spent 8756 gold pieces at shops.
You paid 1257 gold pieces to Gozag.

Inventory:

Hand Weapons
 y - a +5 short sword of holy wrath
 U - the +12 shortbow of the Rat {venom, rPois rC- rN+ Int+5}
   (You bought it in a shop on level 2 of the Orcish Mines)

   Any ammunition fired from it poisons the flesh of those it strikes.
   Int:       It affects your intelligence (+5).
   rC:        It makes you vulnerable to cold.
   rPois:     It protects you from poison.
   rN:        It protects you from negative energy.
 Y - the +7 Singing Sword {vorpal, sonic wave}
   (You bought it in a shop on level 2 of the Orcish Mines)

   It inflicts extra damage upon your enemies.
   It radiates damaging sonic waves as it strikes, especially in combat
   involving dangerous or numerous foes.
 Z - the +8 quick blade of Annihilation (weapon) {spect, rCorr}
   (You acquired it on level 10 of the Dungeon)

   When its wielder attacks, the weapon's spirit leaps out and strikes again.
   The spirit shares a part of any damage it takes with its wielder.
   rCorr:     It protects you from acid and corrosion.
Missiles
 h - 11 boomerangs of dispersal
 i - 52 poisoned darts
 V - 583 arrows
Armour
 l - the +0 pair of boots of Plog (worn) {Rampage +Blink rC+ rCorr Stlth-}
   (You found it on level 6 of the Lair of Beasts)

   rC:        It protects you from cold.
   +Blink:    It lets you blink.
   rCorr:     It protects you from acid and corrosion.
   Rampage:   It bestows one free step when moving towards enemies.
   Stlth:     It makes you less stealthy.
 n - a +2 hat (worn)
 s - a scarf of shadows (worn)
 v - the +0 pair of fencer's gloves (worn) {Riposte Dex+3}
   (You bought it in a shop on level 9 of the Dungeon)

   It allows the wearer to riposte with any weapon, or to riposte more often
   with a long blade, swiftly retaliating against a missed attack.
   Dex:       It affects your dexterity (+3).
 A - a +2 leather armour of fire resistance (worn)
 J - a +2 cloak
Jewellery
 t - an amulet of magic regeneration (around neck)
 u - a ring of poison resistance (left hand)
 w - the ring of Scepticism (right hand) {Str+5 Dex+6 Slay+2}
   (You bought it in a shop on level 2 of the Snake Pit)

   [ring of dexterity]

   Str:       It affects your strength (+5).
   Dex:       It affects your dexterity (+6).
   Slay:      It affects your accuracy & damage with ranged weapons and melee
   (+2).
 D - a +6 ring of strength
 E - a +4 ring of protection
 F - a ring of protection from fire
 G - a ring of see invisible
Wands
 d - a wand of flame (64)
 H - a wand of iceblast (5)
 N - a wand of polymorph (17)
 P - a wand of paralysis (8) (quivered)
 S - a wand of digging (7)
Scrolls
 b - 3 scrolls of enchant weapon
 c - 3 scrolls of enchant armour
 f - 7 scrolls of identify
 g - 4 scrolls of magic mapping
 k - 9 scrolls of teleportation
 m - 3 scrolls of amnesia
 x - 2 scrolls of silence
 C - a scroll of blinking
 K - 3 scrolls of fog
Potions
 a - a potion of berserk rage
 j - 3 potions of lignification
 o - 2 potions of cancellation
 p - 2 potions of invisibility
 q - a potion of heal wounds
 r - 11 potions of curing
 z - 2 potions of magic
 B - a potion of flight
 L - a potion of might
 R - a potion of resistance
 T - 3 potions of mutation
 W - a potion of brilliance
Miscellaneous
 e - a piece from Xom's chessboard (15/15)
 O - a phial of floods


   Skills:
 + Level 11.1 Fighting
 + Level 11.4(11.8) Short Blades
 + Level 4.5(8.8) Long Blades
 - Level 2.1 Maces & Flails
 * Level 10.9 Bows
 - Level 7.1 Throwing
 - Level 4.6 Armour
 + Level 10.6 Dodging
 + Level 10.3 Stealth
 + Level 10.6 Spellcasting
 + Level 7.1 Hexes
 + Level 7.9 Translocations
 + Level 2.9 Fire Magic
 + Level 3.8 Earth Magic
 + Level 5.6 Evocations


You had 12 spell levels left.
You knew the following spells:

 Your Spells              Type           Power      Damage    Failure   Level
a - Slow                  Hex            33%        N/A       1%          2
b - Tukima's Dance        Hex            33%        N/A       1%          3
c - Blink                 Tloc           N/A        N/A       1%          2
d - Manifold Assault      Tloc           36%        N/A       10%         5
e - Portal Projectile     Hex/Tloc       68%        N/A       1%          3
f - Dispersal             Tloc           18%        N/A       47%         6
g - Leda's Liquefaction   Hex/Erth       13%        N/A       10%         4

Your spell library contained the following spells:

 Spells                   Type           Power      Damage    Failure   Level
 Confusing Touch          Hex            33%        N/A       1%          3
 Lesser Beckoning         Tloc           18%        N/A       1%          3
 Passage of Golubria      Tloc           N/A        N/A       3%          4
 Summon Guardian Golem    Hex/Summ       21%        N/A       6%          3
 Magic Dart               Conj           36%        1d4       10%         1
 Sting                    Tmut/Pois      36%        1d4       10%         1
 Summon Small Mammal      Summ           36%        N/A       10%         1
 Stone Arrow              Conj/Erth      30%        3d8       12%         3
 Call Imp                 Summ           9%         N/A       14%         2
 Poisonous Vapours        Pois/Air       18%        N/A       14%         2
 Call Canine Familiar     Summ           9%         N/A       28%         3
 Mephitic Cloud           Conj/Pois/Air  9%         N/A       28%         3
 Ozocubu's Armour         Ice            9%         N/A       28%         3
 Vampiric Draining        Necr           4%         2d6       28%         3
 Petrify                  Tmut/Erth      15%        N/A       38%         4
 Summon Forest            Summ/Tloc      11%        N/A       45%         5
 Metabolic Englaciation   Hex/Ice        10%        N/A       50%         5
 Summon Mana Viper        Hex/Summ       21%        N/A       50%         5
 Yara's Violent Unravell  Hex/Tmut       10%        3d6       50%         5
 Ice Form                 Ice/Tmut       9%         N/A       67%         4
 Olgreb's Toxic Radiance  Pois           9%         N/A       67%         4
 Summon Lightning Spire   Summ/Air       9%         N/A       67%         4
 Bolt of Magma            Conj/Fire/Erth 8%         4d6       69%         5
 Blade Hands              Tmut           4%         N/A       95%         5
 Iskenderun's Battlesphe  Conj           9%         2d6       95%         5
 Iron Shot                Conj/Erth      7%         9d2       99%         6
 Statue Form              Tmut/Erth      10%        N/A       99%         6
 Eringya's Noxious Bog    Tmut/Pois      4%         N/A       100%        6
 Shadow Creatures         Summ           N/A        N/A       100%        6
 Simulacrum               Ice/Necr       4%         N/A       100%        6
 Spellforged Servitor     Conj/Summ      4%         N/A       100%        7
 Storm Form               Tmut/Air       4%         N/A       100%        7
 Summon Hydra             Summ           4%         N/A       100%        7
 Disjunction              Tloc           18%        N/A       100%        8
 Maxwell's Capacitive Co  Air            4%         ∞         100%        8
 Shatter                  Erth           11%        3d12*     100%        9


Dungeon Overview and Level Annotations

Branches:
Dungeon (11/15)            Temple (1/1) D:4            Lair (6/6) D:10
 Shoals (0/4) Lair:4        Snake (4/4) Lair:3        Slime (0/5) Lair:6
    Orc (2/2) D:9             Elf (0/3) Orc:2       Volcano (visited)

Altars:
Ashenzari
Cheibriados
Dithmenos
Elyvilon
Gozag
Hepliaklqana
Nemelex Xobeh
Okawaru
Qazlal
Ru
Trog
Uskayaw
Vehumet
Wu Jian
Yredelemnul
Zin
The Shining One
Beogh
Lugonu

Shops:
D:9 [[   D:10 =[!?   Orc:2 [:[(?   Snake:1 *   Snake:2 :==

Portals:
Abyss: Lair:6 Snake:1

Annotations:
D:11 exclusions: acid dragon and killer bee
Lair:2 exclusions: downstairs and 2 upstairs
Lair:4 exclusion: downstairs
Lair:5 exclusion: upstairs
Snake:1 Rupert
Snake:3 exclusion: downstairs
Snake:4 2 transporters, Vashnia; Wiulula's ghost, adept DECj
Orc:1 exclusion: downstairs


Message History

Your +8 quick blade of Annihilation {spect, rCorr} barely misses Vashnia.
Vashnia spits poison at you. The splash of poison hits you.
You have difficulty breathing.
You feel yourself slow down.
You closely miss Vashnia.
Vashnia is moderately wounded.
Your +8 quick blade of Annihilation {spect, rCorr} closely misses Vashnia.
You hit Vashnia.
Vashnia is moderately wounded.
Your +8 quick blade of Annihilation {spect, rCorr} closely misses Vashnia.
Vashnia says to her squad, "Do not let the Human escape!"
Vashnia points at you and mumbles some strange words.
The salamander is distracted by your dazzling golden aura.
You puncture Vashnia!
Vashnia is moderately wounded.
Your +8 quick blade of Annihilation {spect, rCorr} hits Vashnia.
The salamander is no longer distracted by gold.
You hit Vashnia but do no damage.
Vashnia is heavily wounded.
Your +8 quick blade of Annihilation {spect, rCorr} hits Vashnia.
The salamander wields a +0 shortbow of flaming.
It bursts into flame!
The salamander shoots an arrow.
The arrow hits you.
Vashnia shoots a bolt.
The bolt hits you!!! The bolt freezes you.
You closely miss Vashnia.
Vashnia is heavily wounded.
Your +8 quick blade of Annihilation {spect, rCorr} hits Vashnia but does no damage.
You miss Vashnia.
Vashnia is heavily wounded.
Your +8 quick blade of Annihilation {spect, rCorr} barely misses Vashnia.
The salamander shoots an arrow.
The arrow closely misses you.
Vashnia shoots a bolt.
The bolt hits you!! The bolt freezes you.
The salamander shoots an arrow.
The arrow hits you!
* * * LOW HITPOINT WARNING * * *
The arrow burns you.
* * * LOW HITPOINT WARNING * * *
Vashnia shoots a bolt.
The bolt hits you!!
* * * LOW HITPOINT WARNING * * *
The bolt freezes you.
You die...
Your body crumbles into a pile of gold.

..
#......##..$#)...)...........
.
#........##.)')#).)..........#
#........##.('.#...........###
##......##.$.#.#..........##
##..(##N###....###.##
#[..##[.# ####.# ##.##
#....(##)N######..## #..#
.....N.##N####....#..####.##
......##.§.@..######..##....
##...##.....[## ##.......
#...# #......## ##.......
...####.......# #.[......
##....N...#.## ###........
##........###.###..........
##.........##....###........
##..............######.......
##...............##..###).....


You could see Vashnia (curare, catching breath) and a salamander.

Vanquished Creatures
  2 nagarajas
  An orc warlord (Orc:2)
  Nessos (Lair:5)
  A red draconian (Volcano)
  A dire elephant (Lair:5)
  13 hydras
  8 naga warriors
  3 salamander tyrants
  A boulder beetle (Lair:6)
  6 anacondas
  An ogre mage (Volcano)
  A centaur warrior (D:11)
  7 two-headed ogres
  An orc high priest (Orc:2)
  3 thrashing horrors (Lair:6)
  7 shock serpents
  16 naga sharpshooters
  7 salamander mystics
  10 naga ritualists
  A lindwurm (Orc:1)
  An orc knight (Orc:2)
  6 mana vipers
  3 orc sorcerers
  A cyclops (Orc:2)
  3 ugly things (Lair:6)
  23 elephants
  16 salamanders
  A centaur zombie (D:11)
  27 black mambas
  A guardian serpent (Snake:3)
  2 molten gargoyles (Volcano)
  2 smoke demons (Lair:6)
  12 naga magi
  7 cane toads
  11 komodo dragons
  4 rime drakes
  3 trolls
  2 polar bears
  2 ancient zymes (Lair:6)
  2 hornets
  Grinder (D:4)
  2 slime creatures (D:9)
  28 blink frogs
  A blink frog (shapeshifter) (Lair:6)
  2 dream sheep (Lair:2)
  A snapping turtle (Lair:4)
  Sigmund (D:2)
  3 spriggans
  11 wyverns
  A ynoxinul (Lair:6)
  18 yaks
  A shadow (D:9)
  2 wraiths (D:10)
  A steam dragon (D:9)
  Grum (Lair:1)
  A hog (shapeshifter) (D:9)
  9 basilisks
  2 fire bats (Volcano)
  3 vampire mosquitoes (D:11)
  3 chaos spawn (Lair:6)
  Edmund (D:4)
  34 nagas
  Duvessa (D:6)
  An acid dragon (D:11)
  14 water moccasins
  2 hell hounds
  2 black bears
  4 ice beasts
  7 necrophages
  30 orc warriors
  A sky beast (D:6)
  5 ogres (Orc:2)
  10 small abominations
  39 wolves
  7 centaurs
  2 kobold brigands
  2 phantoms (D:6)
  Blork the orc (D:5)
  12 bullfrogs
  A scorpion (D:7)
  A gnoll sergeant (Orc:2)
  A wyvern skeleton (D:7)
  Dowan (D:6)
  3 killer bees (D:10)
  2 electric eels (Lair:6)
  7 lava snakes (Volcano)
  3 jellies (Lair:6)
  2 hounds
  17 orc priests
  A centaur skeleton (D:5)
  2 gnoll shamans
  Crazy Yiuf (D:5)
  A bullfrog skeleton (D:6)
  Jessica (D:2)
  27 orc wizards
  3 hell rats (Lair:4)
  5 adders
  17 gnolls
  A white imp (D:6)
  2 worms (D:2)
  5 dart slugs
  107 orcs
  7 endoplasms
  5 giant cockroaches
  8 goblins
  6 hobgoblins
  17 kobolds
  4 quokkas
  3 ball pythons
  4 bats
  5 frilled lizards
  9 rats
  A lurking horror (Snake:1)
767 creatures vanquished.

Vanquished Creatures (collateral kills)
  A naga sharpshooter (Snake:1)
  A blink frog (Lair:3)
  3 yaks (Lair:2)
  A basilisk (Lair:3)
  A naga (Snake:1)
  2 water moccasins (Lair:3)
  A bullfrog (Lair:3)
  An orc priest (D:10)
  A killer bee zombie (D:9)
  A gnoll (D:2)
  2 bats (D:2)
15 creatures vanquished.

Vanquished Creatures (others)
  A hydra (Lair:6)
  A black mamba (Lair:3)
  A cane toad (Lair:6)
  A wraith (D:10)
  A yak (Lair:1)
  9 dancing weapons
  An orc warrior (D:10)
  An ice beast (D:5)
  A wolf (Lair:1)
  A killer bee (D:10)
  An orc (Orc:1)
  A bush (Lair:6)
  122 fungi
  138 plants
280 creatures vanquished.

Grand Total: 1062 creatures vanquished

Notes
Turn   | Place    | Note
-------+----------+-------------------------------------------
     0 | D:1      | H0rd4k the Human Artificer began the quest for the Orb.
     0 | D:1      | Reached XP level 1. HP: 15/15 MP: 1/1
   518 | D:1      | Reached XP level 2. HP: 16/21 MP: 2/2
   893 | D:1      | Reached skill level 1 in Maces & Flails
  1257 | D:1      | You fall into a shaft and drop 1 floor!
  1308 | D:2      | Reached XP level 3. HP: 24/26 MP: 3/3
  1403 | D:2      | Reached XP level 4. HP: 32/32 MP: 4/4
  1459 | D:2      | Noticed Jessica
  2620 | D:2      | Killed Jessica
  2621 | D:2      | Reached XP level 5. HP: 37/37 MP: 5/5
  3001 | D:2      | Noticed Sigmund
  3687 | D:3      | Reached skill level 1 in Short Blades
  4224 | D:4      | Noticed a black bear
  4292 | D:4      | Reached XP level 6. HP: 43/44 MP: 6/6
  4361 | D:4      | Noticed Grinder
  4502 | D:4      | Noticed Edmund
  4510 | D:5      | Entered Level 5 of the Dungeon
  4638 | D:5      | Found a stormy altar of Qazlal.
  4832 | D:5      | Noticed Blork the orc
  4843 | D:5      | HP: 1/44 [something/puff of frost (7)]
  5183 | D:5      | Found a glowing golden altar of the Shining One.
  5247 | D:5      | Noticed an ice beast
  5268 | D:5      | Found a runed translucent door.
  5269 | D:5      | Noticed Crazy Yiuf
  5372 | D:5      | Killed an ice beast
  5713 | D:6      | Noticed Dowan
  5715 | D:6      | Noticed Duvessa
  5736 | D:6      | Killed Dowan
  5737 | D:6      | Reached XP level 7. HP: 41/51 MP: 7/7
  5886 | D:6      | Killed Duvessa
  6703 | D:6      | Reached XP level 8. HP: 20/58 MP: 8/8
  7468 | D:7      | Reached skill level 1 in Throwing
  8454 | D:8      | Reached skill level 5 in Short Blades
  8465 | D:8      | Found a sacrificial altar of Ru.
  8585 | D:8      | Noticed a hornet
  8595 | D:8      | Found a glowing silver altar of Zin.
  9021 | D:8      | Reached XP level 9. HP: 39/66 MP: 9/9
  9580 | D:8      | Killed a hornet
  9900 | D:4      | Killed Grinder
  9901 | D:4      | Reached skill level 5 in Fighting
 10234 | D:4      | Killed Edmund
 10235 | D:4      | Reached skill level 5 in Stealth
 10461 | D:4      | Found a staircase to the Ecumenical Temple.
 10718 | Temple   | Entered the Ecumenical Temple
 10775 | Temple   | Became a worshipper of Gozag Ym Sagoz the Greedy
 10982 | D:2      | Killed Sigmund
 11276 | D:5      | Killed Crazy Yiuf
 11472 | D:5      | Killed Blork the orc
 11606 | D:9      | Learned a level 2 spell: Slow
 11610 | D:9      | Learned a level 3 spell: Tukima's Dance
 11699 | D:9      | Noticed a meliai
 11736 | D:9      | Reached skill level 5 in Dodging
 11736 | D:9      | Reached XP level 10. HP: 38/74 MP: 10/10
 11926 | D:9      | Reached skill level 1 in Fire Magic
 12046 | D:9      | Reached skill level 1 in Spellcasting
 12559 | D:9      | Found a radiant altar of Vehumet.
 12561 | D:9      | Found a hazy altar of Hepliaklqana.
 12561 | D:9      | Found a white marble altar of Elyvilon.
 12563 | D:9      | Found an iron altar of Okawaru.
 12574 | D:9      | Noticed a two-headed ogre
 13294 | D:9      | Found a staircase to the Orcish Mines.
 13419 | D:9      | Killed a two-headed ogre
 13962 | D:10     | Entered Level 10 of the Dungeon
 14002 | D:10     | Found a staircase to the Lair.
 14307 | D:10     | Found Gunir's Distillery.
 14578 | D:10     | Noticed a two-headed ogre
 14587 | D:10     | Killed a two-headed ogre
 14588 | D:10     | Reached skill level 1 in Hexes
 14588 | D:10     | Reached XP level 11. HP: 81/81 MP: 15/15
 14613 | D:10     | Found Xeynejer's Antique Armour Boutique.
 14613 | D:10     | Found Olagaz's Magic Scroll Boutique.
 14613 | D:10     | Found Rataadi's Jewellery Boutique.
 15210 | D:10     | Found a bloodstained altar of Trog.
 15623 | D:11     | Noticed a centaur warrior
 15769 | D:11     | Noticed a seven-headed hydra
 16597 | Lair:1   | Entered Level 1 of the Lair of Beasts
 16635 | Lair:2   | You fall into a shaft and drop 2 floors!
 16649 | Lair:3   | Noticed a seven-headed hydra
 16694 | Lair:2   | Learned a level 2 spell: Blink
 17003 | Lair:2   | Reached skill level 1 in Translocations
 17398 | Lair:2   | Reached skill level 5 in Evocations
 18282 | Lair:2   | Learned a level 5 spell: Manifold Assault
 18327 | Lair:3   | Killed a seven-headed hydra
 18328 | Lair:3   | Reached XP level 12. HP: 91/91 MP: 17/19
 18402 | Lair:3   | Reached skill level 5 in Spellcasting
 18534 | Lair:3   | Noticed a six-headed hydra
 18551 | Lair:3   | Killed a six-headed hydra
 19422 | Lair:1   | Noticed a spriggan rider
 20349 | Lair:3   | Noticed a six-headed hydra
 20384 | Lair:3   | Killed a six-headed hydra
 20632 | Lair:3   | Found a staircase to the Snake Pit.
 21341 | Lair:3   | Noticed an eight-headed hydra
 21649 | Lair:3   | Noticed a five-headed hydra
 22231 | Lair:4   | Found a staircase to the Shoals.
 22522 | Lair:4   | Reached XP level 13. HP: 26/96 MP: 23/23
 23295 | Lair:4   | Noticed a seven-headed hydra
 23295 | Lair:4   | Noticed a four-headed hydra
 23484 | Lair:5   | Noticed Nessos
 23545 | Lair:5   | Reached skill level 10 in Short Blades
 23807 | Lair:5   | Killed Nessos
 23808 | Lair:5   | Reached skill level 5 in Translocations
 24028 | Lair:5   | Noticed a four-headed hydra
 24192 | Lair:5   | Killed a four-headed hydra
 24407 | Lair:5   | Noticed a dire elephant
 25949 | Lair:1   | Noticed Grum
 26425 | D:10     | Bought 3 scrolls of acquirement for 2340 gold pieces
 26432 | D:10     | Acquired the +8 quick blade of Annihilation {spect, rCorr}
 26446 | D:10     | Acquired 993 gold pieces
 26450 | D:10     | Acquired 1084 gold pieces
 26585 | Lair:1   | Killed Grum
 26586 | Lair:1   | Reached skill level 5 in Throwing
 27326 | Lair:3   | Noticed a seven-headed hydra
 27349 | Lair:2   | Killed a seven-headed hydra
 27926 | Lair:3   | Killed an eight-headed hydra
 27927 | Lair:3   | Reached XP level 14. HP: 106/106 MP: 25/25
 28293 | Lair:4   | HP: 3/106 [komodo dragon (18)]
 30062 | Lair:4   | Reached skill level 5 in Hexes
 30775 | Lair:6   | Entered Level 6 of the Lair of Beasts
 31337 | D:9      | Bought the +0 pair of fencer's gloves {Riposte Dex+3} for
                  | 640 gold pieces
 31337 | D:9      | Found the +0 pair of fencer's gloves {Riposte Dex+3}
 31549 | Orc:1    | Entered Level 1 of the Orcish Mines
 31600 | Orc:1    | Found a dark tunnel.
 31653 | Volcano  | Entered a volcano
 32246 | Volcano  | Found a bloodstained altar of Trog.
 32612 | Volcano  | Noticed a red draconian
 32651 | Volcano  | Killed a red draconian
 34053 | Orc:2    | Entered Level 2 of the Orcish Mines
 34342 | Orc:2    | Found Muofudgh's Book Boutique.
 35002 | Orc:2    | Noticed an orc warlord
 35353 | Orc:2    | Found Naprizon's Magic Scroll Boutique.
 35469 | Orc:2    | Reached XP level 15. HP: 97/113 MP: 28/28
 35911 | Orc:2    | Found a staircase to the Elven Halls.
 36351 | Orc:2    | Found Gahaoll's Antique Armour Shop.
 36356 | Orc:2    | Found Zeogh's Antique Weapon Boutique.
 36505 | Orc:2    | Found Jigronk's Antique Armour Emporium.
 36575 | Orc:2    | Bought the +7 Singing Sword {vorpal, sonic wave} for 2500
                  | gold pieces
 36575 | Orc:2    | Found the +7 Singing Sword {vorpal, sonic wave}
 36575 | Orc:2    | Bought a steaming shortbow for 200 gold pieces
 36575 | Orc:2    | Identified the +12 shortbow of the Rat {venom, rPois rC-
                  | rN+ Int+5} (You bought it in a shop on level 2 of the
                  | Orcish Mines)
 36676 | Orc:2    | Bought the Guide on Warped Shape Shifting for 504 gold
                  | pieces
 36676 | Orc:2    | Bought a book of the Warp for 448 gold pieces
 36683 | Orc:2    | Learned a level 3 spell: Portal Projectile
 36690 | Orc:2    | Learned a level 6 spell: Dispersal
 37220 | Orc:2    | Reached skill level 1 in Long Blades
 37229 | Orc:2    | Killed an orc warlord
 37230 | Orc:2    | Reached skill level 1 in Bows
 39032 | Lair:6   | Identified the +0 pair of boots of Plog {Rampage +Blink rC+
                  | rCorr Stlth-}
 39550 | Lair:6   | Found a staircase to the Slime Pits.
 40277 | Lair:6   | Reached skill level 10 in Dodging
 41744 | Lair:6   | Found a corrupted altar of Lugonu.
 41744 | Lair:6   | Found a one-way gate to the infinite horrors of the Abyss.
 42204 | D:9      | Bought a glimmering leather armour for 266 gold pieces
 42204 | D:9      | Identified the +1 leather armour of the Bulwark {-Cast Harm
                  | +Inv Str+3} (You bought it in a shop on level 9 of the
                  | Dungeon)
 42204 | D:9      | Bought a shimmering robe for 216 gold pieces
 42204 | D:9      | Identified the +1 robe "Purion" {rF- Str+2 Dex+5} (You
                  | bought it in a shop on level 9 of the Dungeon)
 42352 | Snake:1  | Entered Level 1 of the Snake Pit
 42368 | Snake:1  | Reached skill level 10 in Fighting
 42448 | Snake:1  | Found Ewamp's Assorted Antiques.
 42448 | Snake:1  | Found Tuorrocuce's General Store.
 42463 | Snake:1  | Bought a runed scarf for 208 gold pieces
 42534 | Snake:1  | Reached skill level 10 in Spellcasting
 42562 | Snake:1  | Reached XP level 16. HP: 52/122 MP: 30/30
 43076 | Snake:1  | Reached skill level 5 in Bows
 43622 | Snake:1  | Learned a level 4 spell: Leda's Liquefaction
 44319 | Snake:1  | Reached skill level 1 in Earth Magic
 44600 | Snake:1  | Found a corrupted altar of Lugonu.
 45384 | Snake:1  | Noticed Rupert
 45392 | Snake:1  | You fall into a shaft and drop 1 floor!
 46143 | Snake:2  | Reached skill level 10 in Stealth
 46906 | Snake:2  | Found Ricaoss's Book Boutique.
 46906 | Snake:2  | Found Dexeur's Jewellery Shoppe.
 46907 | Snake:2  | Found Holoamat's Jewellery Shoppe.
 47447 | Snake:3  | Noticed a nagaraja
 47802 | Snake:3  | Killed a nagaraja
 49404 | Snake:3  | Reached XP level 17. HP: 127/129 MP: 16/31
 50353 | Snake:2  | Bought the ring of Scepticism {Str+5 Dex+6 Slay+2} for 1434
                  | gold pieces
 50417 | Snake:4  | Entered Level 4 of the Snake Pit
 50936 | Snake:4  | Noticed an Executioner
 50937 | Snake:4  | Found a transporter.
 50939 | Snake:4  | Found a transporter.
 50949 | Snake:4  | Noticed Wiulula's ghost (adept DECj)
 51756 | Snake:4  | Reached skill level 10 in Bows
 53102 | Snake:4  | Noticed Vashnia
 53176 | Snake:4  | HP: 4/131 [Vashnia/bolt (24)]
 53176 | Snake:4  | Shot with a bolt by Vashnia

Illustrated notes

Levels and vault maps discovered:
D:1:      dpeg_arrival_prison, layout_basic
D:2:      layout_basic, minmay_split_cup_small, uniq_jessica, uniq_sigmund
D:3:      layout_basic
D:4:      layout_loops_ring, temple_hall, serial_park_tiny_2,
          kennysheep_generic_room_5, uniq_grinder, uniq_edmund
D:5:      layout_basic, grunt_qazlal_clouds, kennysheep_mini, minivault_25,
          uniq_crazy_yiuf_cottage, uniq_blork_the_orc
D:6:      layout_loops_cross, uniq_duvessa
D:7:      layout_loops_ring
D:8:      layout_loops_ring, hangedman_ru_absence, zin_statuary,
          kennysheep_potato
D:9:      layout_loops_corners, chequers_temple_overflow_statue_of_worship,
          hiddenorc1_lemuel, chequers_jeans
D:10:     layout_rooms, trog_book, lair_entry_dummy, minmay_shop_grid_forest
D:11:     layout_roguey
Temple:   dshaligram_water_room_temple
Lair:1:   layout_hall_layers, grunt_forest_large_clearings, lemuel_fruit_tree,
          uniq_grum
Lair:2:   layout_long_grid
Lair:3:   nzn_winding_woodlands_stair_cross
          [nzn_winding_woodlands_5x15_sawtooth,
          nzn_winding_woodlands_center_garden,
          nzn_winding_woodlands_5x15_lazy_stream,
          nzn_winding_woodlands_5x5_checkerboard,
          nzn_winding_woodlands_hourglass, nzn_winding_woodlands_5x15_jagged,
          nzn_winding_woodlands_center_pierced_h,
          nzn_winding_woodlands_5x15_zeroes], layout_regular_city
Lair:4:   layout_small_grid, minmay_shoals_entry_hut, special_room
          [special_room_mythical_zoo], roderic_carrion_pond, grunt_megastairs_4
Lair:5:   mu_elephants_graveyard, layout_loops_ring, uniq_nessos
Lair:6:   hellmonk_lair_end_abyssal_woods, layout_cave_shapes,
          nicolae_slime_entry_slimehenge, serial_bayou_shore_a
Snake:1:  layout_chambers, amcnicky_altar_lugonu_corruption, minmay_shoptagon,
          uniq_rupert
Snake:2:  layout_misc_corridors, grunt_ministairs_14, minmay_shop_grove
Snake:3:  kennysheep_six_static_rooms, layout_basic
Snake:4:  johnstein_snake_rune_scales, layout_chambers,
          gammafunk_ghost_abyssal_escape
Orc:1:    layout_caves, nicolae_volcano_entry_vermiform, guppyfry_library_mini
Orc:2:    grunt_orc_community_town_hall, layout_caves,
          grunt_orc_community_big_house_1, grunt_orc_community_big_house_2,
          grunt_orc_community_house_2, grunt_orc_community_house_3,
          grunt_orc_community_house_1, grunt_orc_community_house_2,
          serial_shops, nicolae_square_shop, nicolae_orc_tapped_out

Skill      XL: |  1  2  3  4  5  6  7  8  9 10 11 12 13 14 15 16 17 |
---------------+----------------------------------------------------+-----
Maces & Flails | 1 2 |  2.1
Short Blades   | 1 2 4 5 7 8 9 10 11 | 11.4
Stealth        | 2 3 4 5 6 7 8 9 10 | 10.3
Armour         | 3 4 |  4.6
Fighting       | 2 3 4 5 6 7 8 9 10 11 | 11.1
Dodging        | 2 3 5 7 8 9 10 | 10.6
Throwing       | 1 2 5 6 7 |  7.1
Fire Magic     | 2 |  2.9
Spellcasting   | 3 4 6 7 9 10 | 10.6
Evocations     | 4 5 |  5.6
Hexes          | 1 3 4 5 6 7 |  7.1
Translocations | 2 4 6 7 |  7.9
Long Blades    | 4 |  4.5
Bows           | 4 7 10 | 10.9
Earth Magic    | 3 |  3.8

Action                   |  1- 3 |  4- 6 |  7- 9 | 10-12 | 13-15 | 16-18 || total
-------------------------+-------+-------+-------+-------+-------+-------++-------
Melee: Club              |    95 |    25 |       |       |       |       ||   120
       Dagger            |       |   156 |   336 |  1092 |   527 |       ||  2111
       Short sword       |       |       |    39 |    48 |    29 |       ||   116
       Quick blade       |       |       |       |       |  1066 |   685 ||  1751
       Double sword      |       |       |       |       |    91 |       ||    91
 Fire: Shortbow          |       |       |       |       |     9 |   294 ||   303
Throw: Dart              |       |     6 |     1 |    34 |   245 |       ||   286
 Cast: Slow              |       |       |       |    41 |    32 |       ||    73
       Manifold Assault  |       |       |       |       |    27 |       ||    27
       Tukima's Dance    |       |       |       |       |    16 |    34 ||    50
       Portal Projectile |       |       |       |       |     1 |    31 ||    32
       Leda's Liquefacti |       |       |       |       |       |     6 ||     6
Invok: Call Merchant     |       |       |       |       |     2 |       ||     2
Evoke: Wand              |    18 |     2 |     4 |    50 |    14 |       ||    88
       Piece from Xom's  |       |       |       |     3 |     6 |       ||     9
       Phial of floods   |       |       |       |     1 |     1 |       ||     2
  Use: Scroll            |       |       |       |    14 |    14 |     1 ||    29
       Potion            |       |       |       |    11 |     3 |     1 ||    15
 Stab: Sleeping          |     1 |     2 |    10 |     5 |     6 |     6 ||    30
       Paralysed         |       |       |     2 |       |     9 |       ||    11
       Betrayed ally     |       |       |     1 |       |       |       ||     1
       Confused          |       |       |       |     1 |       |       ||     1
       Distracted        |       |       |       |     2 |    27 |    14 ||    43
Armor: Leather armour    |    50 |    55 |   101 |   267 |   326 |    48 ||   847
       Skin              |       |       |       |    11 |       |       ||    11
Dodge: Dodged            |    78 |   100 |   163 |   656 |   711 |   242 ||  1950
       Rpst.: Quick blade |       |       |       |       |    54 |    23 ||    77
       Double sword      |       |       |       |       |    33 |       ||    33
